 Dungeon Crawl Stone Soup version 0.30-a0-1164-ge08a67761e (webtiles) character file.

Game seed: 2886109417798498545

79 ragingrage the Sneak (level 4, -4/35 HPs)
             Began as a Djinni Delver on Apr 29, 2023.
             Was an Initiate of Ru.
             Slain by a gnoll
             ... wielding a +0 flail
             ... led by a gnoll bouda
              (11 damage)
             ... on level 3 of the Dungeon.
             The game lasted 00:02:43 (1160 turns).

ragingrage the Sneak (Djinni Delver)                Turns: 1160, Time: 00:02:44

Health: -4/35      AC:  3    Str: 11    XL:     4   Next: 64%
Gold:   12         EV: 12    Int: 13    God:    Ru [......] SH:  0 Dex: 15

rFire   + + .        a - +0 falchion
rCold   x . .        (no shield)
rNeg    . . .        j - +0 leather armour
rPois   ∞            (no helmet)
rElec   .            (no cloak)
rCorr   .            (no gloves)
SInv    .            (boots unavailable)
Will    .....        (no amulet)
Stlth   ++           (no ring)
HPRegen 0.25/turn    (no ring)
MPRegen 0.00/turn

%: infuse magic (-5 HP)
@: flying
A: sickness immunity, fire resistance 2, cold vulnerability 1, float, innate
caster, HP casting, extra vitality 1
a: Renounce Religion


You were on level 3 of the Dungeon.
You worshipped Ru.
Ru was noncommittal.
You visited 1 branch of the dungeon, and saw 4 of its levels.

You collected 12 gold pieces.

Inventory:

Hand Weapons
 a - a +0 falchion (weapon)
 b - the +0 sling of Sipusha {freeze, rCorr}
   (You found it on level 5 of the Dungeon)

   rCorr:     It protects you from acid and corrosion.
Missiles
 f - 3 silver boomerangs
Armour
 j - a +0 leather armour (worn)
Wands
 g - a wand of digging (3)
Scrolls
 c - a scroll of fog
Potions
 i - a potion of flight


   Skills:
 - Level 3.1 Fighting
 + Level 4.0 Long Blades
 - Level 2.1 Dodging
 - Level 4.1 Stealth
 + Level 0.0 Spellcasting


You knew the following spells:

 Your Spells              Type           Power      Damage    Failure   Level
a - Shock                 Conj/Air       0%         1d3       36%         1
Your spell library was empty.

Dungeon Overview and Level Annotations

Branches:
Dungeon (6/15)
 Temple: D:4-7

Altars:
Ru
Trog

Annotations:
D:4 Edmund
D:5 exclusions: 2 downstairs and hound


Innate Abilities, Weirdness & Mutations

You are immune to sickness and miasma.
You are immune to poison.
Your flesh is very heat resistant. (rF++)
You are vulnerable to cold. (rC-)
You float through the air rather than walking.
You learn spells naturally, not from books.
Your magical power is your life essence.
You have superior vitality. (+4 MHP)


Message History

The ball python bites you.
* * * LOW HITPOINT WARNING * * *
The ball python grabs you. The ball python constricts you.
You escape the ball python's grasp.
The endoplasm closely misses you.
Okay, then.
The ball python attacks as you move away!
The ball python barely misses you. The hobgoblin attacks as you move away!
The hobgoblin misses you. The gnoll attacks as you move away!
The gnoll hits you but does no damage. The endoplasm attacks as you move away!
The endoplasm hits you but does no damage.
The hobgoblin attacks as you move away! The hobgoblin barely misses you.
The gnoll hits you with a +0 club.
* * * LOW HITPOINT WARNING * * *
An orc comes into view. It is wielding a +0 whip.
The gnoll is no longer moving quickly. x2
Okay, then.
Okay, then.
Found a coppery potion and a potion of flight.
Found a stone staircase leading up.
An orc and a ball python come into view.
The gnoll is no longer moving quickly.
The giant cockroach seems to regain its courage.
An orc wizard comes into view. It is wielding a +0 dagger.
The orc shouts!
An orc comes into view. It is wielding a +0 club.
A dart slug comes into view.
The orc wizard shouts!
You hear a shout!
The dart slug moves out of view.
The orc shouts!
You hear a shout!
You hear an angry hiss.
There is a stone staircase leading up here.
The gnoll hits you with a +0 flail.
* * * LOW HITPOINT WARNING * * *
The hobgoblin closely misses you. The giant cockroach closely misses you.
You fly upwards.
Found a stone staircase leading down.
There is a stone staircase leading down here.
You hit the hobgoblin but do no damage. The gnoll hits you with a +0 flail!
You die...

###
..#
#.#
#g#
#@#
#g#
#.B
##.#
.#
.#
.#
.#


You could see a gnoll, a giant cockroach and a hobgoblin.

Vanquished Creatures
  A scorpion (D:5)
  An adder (D:5)
  A dart slug (D:5)
  2 orcs (D:5)
  2 quokkas (D:5)
7 creatures vanquished.

Vanquished Creatures (others)
  4 plants (D:4)
4 creatures vanquished.

Grand Total: 11 creatures vanquished

Notes
Turn   | Place    | Note
-------+----------+-------------------------------------------
     0 | D:5      | ragingrage the Djinni Delver began the quest for the Orb.
     0 | D:5      | Reached XP level 1. HP: 20/20 MP: 0/0
     5 | D:6      | Noticed an iguana
    13 | D:5      | Noticed a jelly
   182 | D:5      | Noticed a hound
   266 | D:5      | Found a sacrificial altar of Ru.
   269 | D:5      | Became a worshipper of Ru the Awakened
   329 | D:5      | Reached XP level 2. HP: 6/25 MP: 0/0
   415 | D:5      | Identified the +0 sling of Sipusha {freeze, rCorr}
   637 | D:5      | Noticed a scorpion
   660 | D:5      | Killed a scorpion
   661 | D:5      | Reached XP level 3. HP: 6/30 MP: 0/0
   661 | D:5      | Learned a level 1 spell: Shock
   661 | D:5      | Reached XP level 4. HP: 7/35 MP: 0/0
   834 | D:5      | Noticed an ogre
   959 | D:5      | Noticed an ice beast
  1114 | D:4      | Noticed Edmund
  1118 | D:4      | Found a bloodstained altar of Trog.
  1160 | D:3      | Slain by a gnoll

Illustrated notes

Levels and vault maps discovered:
D:3:      layout_loops_ring, led_sif_pool, nicolae_gozag_seed_capital
D:4:      layout_basic, mainiacjoe_overflow_catwalk,
          mainiacjoe_overflow_small_starburst, nicolae_grassy_gnolls,
          uniq_grinder, uniq_pikel, uniq_edmund
D:5:      layout_basic, kennysheep_mini_moat, uniq_crazy_yiuf_cottage, uniq_ijyb
D:6:      layout_basic, nicolae_ashenzari_panopticon, nicolae_shop_clearance

Skill      XL: |  1  2 |
---------------+-------+-----
Long Blades    | 2 4 |  4.0
Fighting       | |  3.1
Dodging        | |  2.1
Stealth        | |  4.1

Action                     |  1- 3 |  4- 6 || total
---------------------------+-------+-------++-------
  Melee: Falchion          |    35 |     5 ||    40
   Fire: Sling             |     3 |     3 ||     6
    Use: Potion            |     2 |       ||     2
         Scroll            |     1 |     2 ||     3
   Stab: Sleeping          |     1 |     1 ||     2
 Armour: Leather armour    |     4 |     4 ||     8
  Dodge: Dodged            |    17 |    12 ||    29

Table legend: (Time is in decaauts)
 A = Elapsed time spent in this place.
 B = Non-inter-level travel time spent in this place.
 C = Inter-level travel time spent in this place.
 D = Time resting spent in this place.
 E = Time spent auto-exploring this place.
 F = Levels seen in this place.
 G = Mean time per level.
                   A        B        C        D        E       F      G
               +--------+--------+--------+--------+--------+-----+--------+
         Total |   1147 |   1099 |     48 |    324 |    362 |   4 |  286.8 |
       Dungeon |   1147 |   1099 |     48 |    324 |    362 |   4 |  286.8 |
               +--------+--------+--------+--------+--------+-----+--------+

Top non-repeatable levels by time:
     D:5: 1099 daAuts
     D:4: 44 daAuts
     D:6: 3 daAuts
     D:3: 0 daAuts
